[Event "Titled Tuesday Blitz October 11 Early 2022"]
[White "Vaibhav Jayant Raut"]
[Black "Barria Zuniga, Daniel"]
[WhiteFideId "5089034"]
[BlackFideId "3400816"]
[WhiteElo "2147"]
[BlackElo "2414"]
[Result "1/2-1/2"]
[Round "08"]
[TimeControl "180+1"]
[Date "2022.10.11"]
[WhiteClock "0:00:06"]
[BlackClock "0:00:04"]

1. c4 e6 2. Nf3 d5 3. d4 Nf6 4. g3 Be7 5. Bg2 O-O 6. O-O dxc4 7. Qc2 a6 8. a4 c5 9. Qxc4 Nbd7 10. dxc5 Bxc5 11. b4 Be7 12. Bb2 b5 13. Qd3 Bb7 14. axb5 axb5 15. Qxb5 Rxa1 16. Bxa1 Qa8 17. Bc3 Rc8 18. Qd3 Be4 19. Qd2 Nb6 20. Bd4 Rc2 21. Bxb6 Rxd2 22. Nbxd2 Bd5 23. Bc5 Bxc5 24. bxc5 Qa3 25. Rb1 g6 26. Rb8+ Kg7 27. Rc8 Qa6 28. Rc7 Qxe2 29. Bf1 Qd1 30. Ne5 Qxd2 31. Rxf7+ Kg8 32. Rxf6 Qc3 33. Nd7 Bc6 34. Rf8+ Kg7 35. Rc8 Qf3 36. Rxc6 Qxc6 37. Ne5 Qxc5 38. Nd3 Qd4 39. Nf4 Kf6 40. h4 e5 41. Ng2 g5 42. hxg5+ Kxg5 43. Ne3 h5 44. Ng2 Qa7 45. Nh4 Qa3 46. Be2 e4 47. Bf1 e3 48. fxe3 Kg4 49. Kh2 Qxe3 50. Bh3+ Kg5 51. Bg2 Qa7 52. Kh3 Qd7+ 53. Kh2 Qc7 54. Nf3+ Kf6 55. Nh4 Qd6 56. Kh3 Qb8 57. Kh2 Qc8 58. Bf3 Qb8 59. Bg2 Qb2 60. Kh3 Qb8 61. Nf3 Qb2 62. Nh4 Qb8 1/2-1/2


[Site "https://www.chess.com"]

[Event "Titled Tuesday Blitz October 11 Early 2022"]
[White "Valle Maytin, Luis Enrique"]
[Black "Parpiev, Isaak"]
[WhiteFideId "3503666"]
[BlackFideId "34281576"]
[WhiteElo "2225"]
[BlackElo "2100"]
[Result "0-1"]
[Round "08"]
[TimeControl "180+1"]
[Date "2022.10.12"]
[WhiteClock "0:00:03"]
[BlackClock "0:00:04"]

1. e4 c5 2. Nf3 Nc6 3. d4 cxd4 4. Nxd4 Nf6 5. Nc3 d6 6. Bc4 e6 7. Bb3 Be7 8. Be3 a6 9. f3 O-O 10. Qd2 Qc7 11. g4 Rd8 12. h4 d5 13. exd5 Nxd4 14. Bxd4 e5 15. Be3 e4 16. O-O-O exf3 17. g5 Ng4 18. Bf4 Bd6 19. Bxd6 Qxd6 20. Ne4 Qg6 21. Qf4 Qf5 22. Qxf5 Bxf5 23. Ng3 Bd7 24. Rhf1 Ne3 25. Ne4 Nxf1 26. Rxf1 Bg4 27. Nf2 Bf5 28. Nd1 Bg4 29. Ne3 Bh5 30. Nf5 Kf8 31. Nd4 a5 32. a4 Rac8 33. Nxf3 Bxf3 34. Rxf3 Rc5 35. d6 Rd7 36. Be6 Rxd6 37. Rxf7+ Ke8 38. Bb3 Re5 39. Rf1 Re2 40. Bc4 Re4 41. b3 Rxh4 42. Bf7+ Kd7 43. Bc4 Kc6 44. Kb2 Kc5 45. Bd3 Rxd3 46. cxd3 Kb4 47. Rf2 Rg4 48. Rc2 h5 49. gxh6 gxh6 50. Rc8 Rg2+ 51. Kc1 Kxb3 52. Rc7 Kxa4 53. Rxb7 h5 54. Kd1 h4 55. Rh7 Rh2 56. d4 Kb5 57. d5 a4 58. d6 Kc6 59. d7 Kc7 60. Kc1 a3 61. Kb1 Kd8 62. Ka1 a2 63. Rh8+ Kxd7 64. Rh7+ Kd6 65. Rb7 Rg2 66. Rh7 Rh2 67. Rh6+ Kc5 68. Rh8 Kc4 69. Rc8+ Kd4 70. Rd8+ Ke4 71. Re8+ Kf4 72. Rf8+ Kg4 73. Rg8+ Kh3 74. Rg5 Rg2 75. Rh5 Kg3 76. Rg5+ Kh2 77. Rh5 Rg1+ 78. Kxa2 h3 79. Kb3 Rc1 80. Kb2 Rc6 81. Rf5 Kg2 82. Rg5+ Kh1 83. Rh5 h2 84. Rh8 Kg1 85. Rg8+ Kf2 86. Rf8+ Kg1 87. Rg8+ Kh1 88. Rh8 Rg6 89. Rh5 Kg2 90. Rh4 h1=Q 91. Rxh1 Kxh1 0-1


[Site "https://www.chess.com"]

[Event "Titled Tuesday Blitz October 11 Early 2022"]
[White "Visakh N R"]
[Black "Le, Tuan Minh"]
[WhiteFideId "25012223"]
[BlackFideId "12401153"]
[WhiteElo "2466"]
[BlackElo "2530"]
[Result "1/2-1/2"]
[Round "08"]
[TimeControl "180+1"]
[Date "2022.10.11"]
[WhiteClock "0:01:03"]
[BlackClock "0:00:29"]

1. Nf3 d5 2. d4 Nf6 3. Bf4 c5 4. e3 Qb6 5. b3 Bg4 6. Nbd2 Nc6 7. c3 e6 8. Be2 Be7 9. O-O O-O 10. Ne5 Bxe2 11. Qxe2 Rac8 12. Nxc6 Rxc6 13. dxc5 Bxc5 14. c4 Bb4 15. Be5 Bxd2 16. Bxf6 gxf6 17. Qxd2 dxc4 18. bxc4 Rxc4 19. Rab1 Qc7 20. Qb2 Kg7 21. Qxb7 Rd8 22. Qxc7 Rxc7 23. Rb4 Rd2 24. Ra4 f5 25. g3 Kf6 26. Kg2 h6 27. h3 Kg6 28. g4 fxg4 29. hxg4 e5 30. Kg3 f6 31. Ra6 Rd3 32. Rh1 Rdc3 33. Rd1 R3c6 34. Rd6 Rxd6 35. Rxd6 a5 36. Ra6 Rc5 37. f4 exf4+ 38. exf4 Rc3+ 39. Kh4 Ra3 40. f5+ Kf7 41. Ra7+ Ke8 42. Kh5 Rxa2 43. Kxh6 Rg2 44. Kg6 Rxg4+ 45. Kxf6 a4 46. Ke6 Re4+ 47. Kf6 Rg4 48. Ra6 Re4 49. Kg7 Rg4+ 50. Kf6 Re4 51. Ra5 Rg4 52. Re5+ Kd7 53. Kf7 Kd6 54. Ra5 Kc6 55. f6 Kb6 56. Rf5 a3 57. Ke7 Re4+ 58. Kf7 Ra4 59. Rf1 Kc5 60. Kg7 Ra7+ 61. f7 Kb4 62. Kf6 Rxf7+ 63. Kxf7 a2 64. Ke6 Kc3 65. Kd5 Kb2 66. Rf2+ Kb3 67. Rf3+ Kb2 68. Rf2+ Kb3 69. Rf1 Kb2 70. Kc4 a1=Q 71. Rxa1 Kxa1 1/2-1/2


[Site "https://www.chess.com"]

[Event "Titled Tuesday Blitz October 11 Early 2022"]
[White "Vlassov, Nikolai"]
[Black "Rosenberg, Evan S"]
[WhiteFideId "4103360"]
[BlackFideId "2019299"]
[WhiteElo "2324"]
[BlackElo "2423"]
[Result "1-0"]
[Round "08"]
[TimeControl "180+1"]
[Date "2022.10.12"]
[WhiteClock "0:00:22"]
[BlackClock "0:00:05"]

1. e4 e5 2. Bc4 Nf6 3. d3 Nc6 4. Nf3 Bc5 5. Bg5 h6 6. Bh4 Be7 7. Nc3 d6 8. h3 O-O 9. Qe2 Nd4 10. Nxd4 exd4 11. Bxf6 Bxf6 12. Nd5 c6 13. Nxf6+ Qxf6 14. O-O b5 15. Bb3 a5 16. a4 Re8 17. axb5 cxb5 18. Bd5 Ra7 19. Qd2 b4 20. f4 Qd8 21. f5 Qf6 22. Rf3 Re5 23. Raf1 Rc7 24. Qf2 Rxd5 25. exd5 Rc5 26. Re1 Kh7 27. Qe2 Rxd5 28. Qe7 Re5 29. Rxe5 dxe5 30. Qc7 Ba6 31. Qxa5 Bb7 32. Rf2 e4 33. dxe4 Bxe4 34. Qxb4 Qe5 35. Qf8 f6 36. Qc8 d3 37. cxd3 Bxd3 38. Qe6 Qd4 39. Qe1 Bc4 40. Kh1 Bf7 41. Rd2 Qf4 42. Qf2 Qe5 43. b4 Bh5 44. Rb2 Qb5 45. g4 Bf7 46. Qe2 Bc4 47. Qe3 Qd5+ 48. Kh2 Qd6+ 49. Qg3 Qd4 50. Rf2 Bb5 51. Qf4 Qd1 52. Qf3 Qd4 53. h4 Qxb4 54. g5 hxg5 55. hxg5 Qh4+ 56. Qh3 Qxh3+ 57. Kxh3 fxg5 58. Kg4 g6 59. f6 Bd7+ 60. Kxg5 Bf5 61. Rxf5 gxf5 62. Kxf5 Kg8 63. Kg6 Kh8 64. Kf7 Kh7 65. Ke7 Kg8 66. f7+ 1-0


[Site "https://www.chess.com"]

[Event "Titled Tuesday Blitz October 11 Early 2022"]
[White "Weetik, Vjacheslav"]
[Black "Zierk, Steven"]
[WhiteFideId "4153472"]
[BlackFideId "2034255"]
[WhiteElo "2469"]
[BlackElo "2494"]
[Result "1-0"]
[Round "08"]
[TimeControl "180+1"]
[Date "2022.10.11"]
[WhiteClock "0:00:28"]
[BlackClock "0:00:06"]

1. d4 d5 2. Bf4 Nf6 3. e3 c5 4. c3 Qb6 5. Qb3 Nc6 6. Nd2 c4 7. Qc2 Bg4 8. b3 cxb3 9. axb3 e6 10. Ngf3 Be7 11. Bd3 O-O 12. Ne5 Bh5 13. Bg5 Bg6 14. Bxf6 gxf6 15. Nd7 Qc7 16. Nxf8 Bxf8 17. Bxg6 hxg6 18. O-O e5 19. Qd3 e4 20. Qb5 Rd8 21. f4 Ne7 22. c4 Nf5 23. Rxa7 Nxe3 24. Rxb7 Qc8 25. c5 Nxf1 26. Nxf1 Qg4 27. g3 Qf3 28. Qb6 e3 29. Nxe3 Qxe3+ 30. Kg2 Qd2+ 31. Kh3 Qe2 32. Qxf6 Qe6+ 33. Qxe6 fxe6 34. b4 Ra8 35. b5 Ra4 36. c6 Rxd4 37. c7 Rc4 38. b6 1-0


[Site "https://www.chess.com"]

[Event "Titled Tuesday Blitz October 11 Early 2022"]
[White "Winkels, Marcel"]
[Black "Rodriguez Santiago, Jaime"]
[WhiteFideId "1003887"]
[BlackFideId "3100898"]
[WhiteElo "1900"]
[BlackElo "2025"]
[Result "0-1"]
[Round "08"]
[TimeControl "180+1"]
[Date "2022.10.12"]
[WhiteClock "0:00:10"]
[BlackClock "0:00:25"]

1. d4 d5 2. Nc3 c6 3. Bf4 a6 4. e3 Nf6 5. f3 Bf5 6. g4 Bg6 7. h4 h5 8. g5 Nfd7 9. Qd2 e6 10. O-O-O c5 11. Nge2 Nc6 12. Bg3 cxd4 13. exd4 Rc8 14. Nf4 Bf5 15. Bh3 Bxh3 16. Rxh3 g6 17. Kb1 Bg7 18. Nce2 Qb6 19. c3 Na5 20. Ka1 Nc4 21. Qc2 Ne3 22. Qd2 Nxd1 23. Qxd1 O-O 24. Qd3 Qb5 25. Qc2 Nb6 26. Nd3 Nc4 27. f4 Ne3 28. Qd2 Nf5 29. Ne5 Bxe5 30. fxe5 Qa4 31. Rh1 b5 32. Be1 a5 33. b3 Qa3 34. Qb2 Qe7 35. Bd2 a4 36. b4 Rc7 37. Rh3 Rfc8 38. Rh1 Qd7 39. Nc1 Qc6 40. Nd3 Qc4 41. Nc5 Qe2 42. Qc1 Qg4 43. Qe1 a3 44. Bc1 Nxd4 45. cxd4 Qxd4+ 46. Kb1 Rxc5 47. bxc5 Rxc5 48. Rh2 Qd3+ 49. Ka1 b4 50. Rf2 b3 51. axb3 Qxb3 52. Qf1 Rc7 53. Qe1 d4 54. Ra2 d3 55. Rxa3 Qc2 56. Bb2 d2 57. Qb1 d1=Q 0-1


[Site "https://www.chess.com"]

[Event "Titled Tuesday Blitz October 11 Early 2022"]
[White "Winterberg, Lukas"]
[Black "Costachi, Mihnea"]
[WhiteFideId "24622702"]
[BlackFideId "1217518"]
[WhiteElo "2349"]
[BlackElo "2437"]
[Result "1-0"]
[Round "08"]
[TimeControl "180+1"]
[Date "2022.10.12"]
[WhiteClock "0:00:09"]
[BlackClock "0:00:10"]

1. Nf3 Nf6 2. d4 g6 3. c4 Bg7 4. Nc3 O-O 5. e4 d6 6. Be2 e5 7. O-O Nc6 8. d5 Ne7 9. Ne1 Nd7 10. Nd3 f5 11. f3 f4 12. Bd2 g5 13. Rc1 h5 14. c5 Nf6 15. cxd6 cxd6 16. Nf2 a6 17. a4 Ng6 18. h3 Rf7 19. Qc2 Bf8 20. a5 g4 21. fxg4 hxg4 22. hxg4 Rh7 23. Na4 Nd7 24. Be1 Nh4 25. Nh3 Rb8 26. Qc7 Qf6 27. Nb6 Qh6 28. Bxh4 Qxh4 29. Nxd7 Ra8 30. Nb6 Rxc7 31. Rxc7 Rb8 32. Nxc8 Qd8 33. Rfc1 Qf6 34. g5 Qg6 35. Bg4 Qxe4 36. Be6+ Kh8 37. Nf2 Qe3 38. R7c3 Qd2 39. Rh3+ Kg7 40. Rc7+ Kg6 41. Bf7+ Kf5 42. g4+ fxg3 43. Rxg3 Qe1+ 44. Kg2 e4 45. Be6+ Ke5 46. Rf7 Qd2 47. Rf5+ Kd4 48. Rxf8 e3 49. Rf4+ Kc5 50. b4+ Kb5 51. Nxd6+ Ka4 52. b5+ Kb3 53. Nc4 Qc2 54. Nxe3 Qe2 55. Nd1+ Ka2 56. Ra4+ Kb1 57. Nc3+ Kc2 58. Nxe2 axb5 59. Rb4 Kd2 60. Rxb5 b6 61. Rxb6 Rxb6 62. axb6 Ke1 63. b7 Kd2 64. b8=Q Ke1 65. Qb1+ Kd2 66. Qd3+ Ke1 67. Qd1# 1-0


[Site "https://www.chess.com"]

[Event "Titled Tuesday Blitz October 11 Early 2022"]
[White "Wirig, Anthony"]
[Black "Tologon tegin, Semetei"]
[WhiteFideId "615013"]
[BlackFideId "13800574"]
[WhiteElo "2474"]
[BlackElo "2282"]
[Result "1-0"]
[Round "08"]
[TimeControl "180+1"]
[Date "2022.10.12"]
[WhiteClock "0:00:15"]
[BlackClock "0:00:09"]

1. d4 Nf6 2. Bg5 e6 3. e4 h6 4. Bxf6 Qxf6 5. c3 c5 6. Nf3 cxd4 7. cxd4 Nc6 8. Nc3 Bb4 9. e5 Qe7 10. Bb5 d6 11. Bxc6+ bxc6 12. exd6 Qxd6 13. O-O O-O 14. Qc2 Rb8 15. Rac1 Ba6 16. Rfd1 Rfc8 17. Ne4 Qd5 18. a3 Be7 19. b4 Bb5 20. Nc5 Bxc5 21. dxc5 Qh5 22. Rd7 a5 23. bxa5 Ra8 24. Qd2 Qg4 25. Rxf7 Rd8 26. Rd7 Rxd7 27. Qxd7 Kh7 28. h3 Qf5 29. Re1 Rxa5 30. Rxe6 Bd3 31. Nd4 Qg5 32. Nxc6 Rxc5 33. Qxd3+ Qf5 34. Qxf5+ Rxf5 35. Re3 1-0


[Site "https://www.chess.com"]

[Event "Titled Tuesday Blitz October 11 Early 2022"]
[White "Xu, Yi"]
[Black "Chigaev, Maksim"]
[WhiteFideId "8605564"]
[BlackFideId "4108116"]
[WhiteElo "2471"]
[BlackElo "2537"]
[Result "1-0"]
[Round "08"]
[TimeControl "180+1"]
[Date "2022.10.11"]
[WhiteClock "0:00:18"]
[BlackClock "0:00:20"]

1. e4 c5 2. Nf3 e6 3. d4 cxd4 4. Nxd4 Nf6 5. Nc3 Nc6 6. Nxc6 bxc6 7. e5 Nd5 8. Ne4 Qc7 9. f4 Rb8 10. c4 Bb4+ 11. Ke2 O-O 12. cxd5 cxd5 13. Ng5 d6 14. Nf3 dxe5 15. fxe5 f6 16. exf6 Rxf6 17. Be3 Bc5 18. Qc2 Ba6+ 19. Kd1 Bxf1 20. Rxf1 d4 21. Bd2 Qd6 22. Re1 d3 23. Qc3 Bf2 24. Re4 h6 25. Rc1 Bb6 26. Qe5 Qf8 27. Rc6 Rxf3 28. gxf3 Qxf3+ 29. Kc1 Qh1+ 30. Be1 Be3+ 31. Rxe3 Qxc6+ 32. Bc3 Qh1+ 33. Re1 Qg2 34. Qxe6+ Kh7 35. Qe4+ 1-0


[Site "https://www.chess.com"]

[Event "Titled Tuesday Blitz October 11 Early 2022"]
[White "Yuan, Qingyu"]
[Black "Slaby, Jerzy"]
[WhiteFideId "8609772"]
[BlackFideId "1121405"]
[WhiteElo "2359"]
[BlackElo "2548"]
[Result "1-0"]
[Round "08"]
[TimeControl "180+1"]
[Date "2022.10.12"]
[WhiteClock "0:00:21"]
[BlackClock "0:00:25"]

1. d4 Nf6 2. Bf4 d5 3. Nf3 c6 4. c3 Qb6 5. Qb3 Bf5 6. Nbd2 e6 7. Nh4 Nbd7 8. Nxf5 exf5 9. e3 Be7 10. h3 O-O 11. Bd3 g6 12. O-O Rfe8 13. f3 Nf8 14. g4 fxg4 15. hxg4 Ne6 16. Be5 Nd7 17. Bg3 Qxb3 18. axb3 a6 19. e4 dxe4 20. fxe4 Rad8 21. b4 Nf6 22. Be2 Nxd4 23. cxd4 Rxd4 24. Rad1 Bxb4 25. Rxf6 Bxd2 26. e5 Be3+ 27. Kg2 Rb4 28. Rd7 Rxb2 29. Kf3 Bg5 30. Rfxf7 Rf8 31. Bc4 Rxf7+ 32. Bxf7+ Kf8 33. e6 Be7 34. Bf4 Rb3+ 35. Ke2 1-0


[Site "https://www.chess.com"]

[Event "Titled Tuesday Blitz October 11 Early 2022"]
[White "Yurovskykh, Oleksandr"]
[Black "Matveeva, Olga"]
[WhiteFideId "14134020"]
[BlackFideId "24107018"]
[WhiteElo "2303"]
[BlackElo "2055"]
[Result "1-0"]
[Round "08"]
[TimeControl "180+1"]
[Date "2022.10.12"]
[WhiteClock "0:01:08"]
[BlackClock "0:01:10"]

1. d4 Nf6 2. Nf3 e6 3. Bf4 d5 4. e3 c5 5. c3 Nc6 6. Nbd2 Bd6 7. Bg3 O-O 8. Bb5 Qc7 9. dxc5 Bxg3 10. hxg3 Ne7 11. b4 a5 12. O-O b6 13. cxb6 Qxb6 14. a4 Bb7 15. Nb3 axb4 16. cxb4 Ne4 17. Qd3 Rfc8 18. Rfc1 Nf5 19. Nfd2 Nfd6 20. Nxe4 Nxe4 21. a5 Qd6 22. a6 Bc6 23. Bxc6 Rxc6 24. Rxc6 Qxc6 25. b5 Qb6 26. Rc1 h5 27. Rc6 Qc7 28. Rxc7 1-0


[Site "https://www.chess.com"]

[Event "Titled Tuesday Blitz October 11 Early 2022"]
[White "Zaloznyy, Mike"]
[Black "Alexikov, Alexander"]
[WhiteFideId "2023075"]
[BlackFideId "14103958"]
[WhiteElo "2126"]
[BlackElo "2222"]
[Result "0-1"]
[Round "08"]
[TimeControl "180+1"]
[Date "2022.10.12"]
[WhiteClock "0:00:42"]
[BlackClock "0:01:22"]

1. Nf3 c5 2. b3 d5 3. e3 a6 4. Bb2 Nc6 5. c4 d4 6. exd4 cxd4 7. b4 Nxb4 8. Nxd4 e5 9. Nc2 Nc6 10. Be2 Nf6 11. d4 exd4 12. Nxd4 Bb4+ 13. Kf1 Bd7 14. Bf3 O-O 15. Nxc6 Bxc6 16. Bxc6 Qxd1# 0-1


[Site "https://www.chess.com"]

[Event "Titled Tuesday Blitz October 11 Early 2022"]
[White "Zhigalko, Sergei"]
[Black "Araujo Sanchez, Josue"]
[WhiteFideId "13502956"]
[BlackFideId "6416896"]
[WhiteElo "2662"]
[BlackElo "2370"]
[Result "1-0"]
[Round "08"]
[TimeControl "180+1"]
[Date "2022.10.11"]
[WhiteClock "0:00:18"]
[BlackClock "0:00:15"]

1. e4 c5 2. Nf3 d6 3. d4 cxd4 4. Qxd4 Nf6 5. Nc3 a6 6. Bc4 Nc6 7. Qd3 g6 8. Bg5 Bg7 9. Bb3 O-O 10. O-O-O Be6 11. Kb1 Nd7 12. Qe3 Qb6 13. Qxb6 Nxb6 14. Nd5 Bxd5 15. exd5 Ne5 16. Bxe7 Rfe8 17. Bxd6 Nxf3 18. gxf3 a5 19. Bc7 Nd7 20. Ba4 Rec8 21. d6 Nf8 22. Rhe1 Bf6 23. Bb3 Rxc7 24. dxc7 Rc8 25. Rd5 Rxc7 26. Rxa5 Bd4 27. Re2 Kg7 28. c3 Bc5 29. a4 Bd6 30. h3 Kf6 31. Rd5 Bc5 32. Rd8 Nd7 33. a5 g5 34. Bd5 Be7 35. Rh8 Nf8 36. Rg8 Ng6 37. Rb8 Nf4 38. Rxe7 Kxe7 39. Bxb7 1-0


[Site "https://www.chess.com"]

[Event "Titled Tuesday Blitz October 11 Early 2022"]
[White "Ziatdinov, Raset"]
[Black "Fernandez De La Vara, Arnaldo"]
[WhiteFideId "2015323"]
[BlackFideId "3518388"]
[WhiteElo "2220"]
[BlackElo "2387"]
[Result "0-1"]
[Round "08"]
[TimeControl "180+1"]
[Date "2022.10.12"]
[WhiteClock "0:01:06"]
[BlackClock "0:00:05"]

1. Nc3 c5 2. Nf3 Nf6 3. e4 Nc6 4. d4 cxd4 5. Nxd4 d6 6. f3 e5 7. Nb3 Be6 8. Be3 Be7 9. Be2 O-O 10. O-O a5 11. Nd5 a4 12. Nc1 Nd7 13. c3 f5 14. Nd3 Bg5 15. Qd2 Bxe3+ 16. Nxe3 Qg5 17. Nc4 Qe7 18. Nb4 Nxb4 19. cxb4 fxe4 20. fxe4 Bxc4 21. Bxc4+ Kh8 22. Rad1 Rxf1+ 23. Rxf1 Nf6 24. Bd5 Rc8 25. Rc1 Qd8 26. Bxb7 Rxc1+ 27. Qxc1 Qb6+ 28. Kh1 Qxb7 29. Qc4 h6 30. Qe6 Nxe4 31. h4 Qxb4 32. Kh2 Nf6 33. Qc8+ Kh7 34. Qf5+ Kg8 35. Qe6+ Kf8 36. Qc8+ Kf7 37. Qc7+ Kg6 38. Qc2+ e4 39. Qe2 Qd4 40. Kh3 Qe5 41. g4 h5 42. g5 Ng4 43. Qg2 Qf4 44. Qg1 Qf3+ 45. Qg3 Qh1+ 0-1


[Site "https://www.chess.com"]

[Event "Titled Tuesday Blitz October 11 Early 2022"]
[White "Zilleruelo Irizarry, Diego"]
[Black "Flis, Pawel"]
[WhiteFideId "3101460"]
[BlackFideId "1112864"]
[WhiteElo "1998"]
[BlackElo "1836"]
[Result "1-0"]
[Round "08"]
[TimeControl "180+1"]
[Date "2022.10.12"]
[WhiteClock "0:00:16"]
[BlackClock "0:00:02"]

1. e4 c5 2. Nf3 d6 3. d4 Nf6 4. Nc3 cxd4 5. Qxd4 a6 6. Be2 Nc6 7. Qe3 g6 8. O-O Bg7 9. h3 O-O 10. Rd1 Qa5 11. a3 Be6 12. Bd2 Qc5 13. Rac1 Qxe3 14. Bxe3 b5 15. Nd4 Nxd4 16. Bxd4 Rfc8 17. f4 Nd7 18. Bxg7 Kxg7 19. Bf3 Rab8 20. g4 b4 21. axb4 Rxb4 22. f5 Bc4 23. b3 Bxb3 24. cxb3 Rxb3 25. Rd3 Ne5 26. Re3 Nc4 27. Bd1 Ra3 28. Rf3 Ne5 29. Rg3 a5 30. Kf2 Rc4 31. Be2 Rc5 32. Ke1 a4 33. Kd2 Rb3 34. Re3 a3 35. Rc2 Rb2 36. Rxb2 axb2 37. Kc2 b1=Q+ 38. Kxb1 Nc6 39. Nd5 Nd4 40. Nxe7 Kf6 41. Nd5+ Ke5 42. fxg6 hxg6 43. Bd3 1-0


[Site "https://www.chess.com"]

[Event "Titled Tuesday Blitz October 11 Early 2022"]
[White "Zou, Chen"]
[Black "Stribuk, Artiom"]
[WhiteFideId "8610959"]
[BlackFideId "13515659"]
[WhiteElo "2325"]
[BlackElo "2279"]
[Result "0-1"]
[Round "08"]
[TimeControl "180+1"]
[Date "2022.10.11"]
[WhiteClock "0:00:03"]
[BlackClock "0:00:07"]

1. d4 Nf6 2. c4 c5 3. d5 b5 4. cxb5 a6 5. bxa6 g6 6. Nc3 Bg7 7. g3 O-O 8. Bg2 d6 9. Nf3 Bf5 10. a7 Na6 11. O-O Rxa7 12. Nd2 Nb4 13. e4 Bc8 14. Nb5 Ra5 15. a4 Ba6 16. Ra3 Bxb5 17. axb5 Rxb5 18. Nc4 Nd7 19. Bg5 h6 20. Bd2 Nb6 21. b3 Nxc4 22. bxc4 Ra5 23. Qc1 Qa8 24. Rxa5 Qxa5 25. Bxh6 Nd3 26. Qe3 Ne5 27. Bxg7 Kxg7 28. Rc1 Rb8 29. f4 Ng4 30. Qe2 Qa3 31. Re1 Nf6 32. e5 Ng8 33. exd6 exd6 34. f5 Rb2 35. Qf1 g5 36. Kh1 Qc3 37. Rd1 Nf6 38. Rc1 Qd2 39. Rb1 Ra2 40. Rd1 Qc2 41. Rc1 Qb2 42. Rb1 Qd2 43. Rd1 Qe3 44. Re1 Qd4 45. Rd1 Rd2 46. Rxd2 Qxd2 47. h3 Qe3 48. Qf3 Qc1+ 49. Kh2 Qxc4 50. Qe3 Nh7 51. Qe7 Qd4 52. Qxd6 c4 53. Qc6 c3 54. d6 Nf6 55. d7 Nxd7 56. Bd5 Nf6 57. Bb3 Ne4 58. f6+ Nxf6 59. Qc7 Qf2+ 60. Kh1 Qe1+ 61. Kg2 Qd2+ 62. Kf3 Qd3+ 63. Kg2 Qe2+ 64. Kh1 Qe1+ 65. Kg2 Qd2+ 66. Kh1 Qc1+ 67. Kg2 Qb2+ 68. Kf3 Qxb3 69. Qb8 Qxb8 0-1


[Site "https://www.chess.com"]

[Event "Titled Tuesday Blitz October 11 Early 2022"]
[White "Aaditya Dhingra"]
[Black "Saucey, Michel"]
[WhiteFideId "25678191"]
[BlackFideId "601845"]
[WhiteElo "2054"]
[BlackElo "2253"]
[Result "0-1"]
[Round "09"]
[TimeControl "180+1"]
[Date "2022.10.12"]
[WhiteClock "0:00:04"]
[BlackClock "0:00:04"]

1. d4 d5 2. c4 e6 3. Nc3 Nf6 4. Nf3 Bb4 5. Bg5 h6 6. Bxf6 Qxf6 7. e3 O-O 8. cxd5 exd5 9. Be2 c6 10. Rc1 Nd7 11. O-O Bd6 12. Rb1 a5 13. a3 Qe7 14. Bd3 Re8 15. Re1 Nf6 16. h3 Ne4 17. Bxe4 dxe4 18. Nd2 f5 19. Nc4 Bc7 20. d5 Rd8 21. Qb3 Kh7 22. Red1 b5 23. Nd2 a4 24. Qa2 Qe5 25. Nf1 Bb7 26. dxc6 Bxc6 27. Ng3 f4 28. exf4 Qxf4 29. Qe6 e3 30. Qxc6 exf2+ 31. Kf1 Qxg3 32. Rxd8 Rxd8 33. Qe4+ Kh8 34. Rd1 Rf8 35. Qe7 Rg8 36. Ne4 Qh2 37. Nxf2 Qf4 38. Qe4 Qf6 39. Qe2 Be5 40. Rd2 Rf8 41. g4 Bg3 42. Kg2 Bxf2 43. Qxf2 Qc6+ 44. Kg3 Rxf2 45. Rd8+ Kh7 46. Kxf2 Qb6+ 0-1


[Site "https://www.chess.com"]

[Event "Titled Tuesday Blitz October 11 Early 2022"]
[White "Agasarov, Benik"]
[Black "Shapiro, Daniel"]
[WhiteFideId "13314823"]
[BlackFideId "2001780"]
[WhiteElo "2152"]
[BlackElo "2231"]
[Result "1-0"]
[Round "09"]
[TimeControl "180+1"]
[Date "2022.10.12"]
[WhiteClock "0:01:11"]
[BlackClock "0:00:03"]

1. d4 Nf6 2. c4 e6 3. Nf3 d5 4. Nc3 Bb4 5. cxd5 exd5 6. Bg5 c6 7. e3 Nbd7 8. Bd3 O-O 9. O-O h6 10. Bh4 Re8 11. Qc2 Bd6 12. Rfe1 Qc7 13. Rac1 a6 14. e4 Nxe4 15. Nxe4 dxe4 16. Bxe4 Rf8 17. d5 c5 18. b4 b6 19. Bg3 Bb7 20. Nh4 Rab8 21. Nf5 Bxg3 22. hxg3 Nf6 23. d6 Qd7 24. Bxb7 Rxb7 25. bxc5 bxc5 26. Qxc5 Rb5 27. Ne7+ Kh8 28. Qc6 Rd8 29. Qxa6 Rb2 30. Rcd1 Ng4 31. Re2 Rxe2 32. Qxe2 Nf6 33. Qc4 Rf8 34. Qc7 Kh7 35. Qxd7 Nxd7 36. Rc1 Rd8 37. Rc7 Nb6 38. Nf5 Kg8 39. g4 Nc8 40. Rxc8 1-0


[Site "https://www.chess.com"]

[Event "Titled Tuesday Blitz October 11 Early 2022"]
[White "Aizpurua, Patrick Emilio"]
[Black "Molina, Roberto Junio Brito"]
[WhiteFideId "6600522"]
[BlackFideId "2109450"]
[WhiteElo "2378"]
[BlackElo "2388"]
[Result "0-1"]
[Round "09"]
[TimeControl "180+1"]
[Date "2022.10.11"]
[WhiteClock "0:00:04"]
[BlackClock "0:01:10"]

1. d4 c6 2. c4 d5 3. Nf3 Nf6 4. Nc3 dxc4 5. a4 Bf5 6. e3 Nbd7 7. Bxc4 e6 8. Qe2 Bb4 9. O-O O-O 10. e4 Bg6 11. Bd3 Bh5 12. e5 Nd5 13. Nxd5 cxd5 14. Qe3 Re8 15. Bd2 Bxd2 16. Nxd2 Bg6 17. Bxg6 fxg6 18. Nf3 Rc8 19. Rfc1 Nb8 20. b4 Nc6 21. Qd2 Qd7 22. h3 b6 23. a5 bxa5 24. b5 Ne7 25. Qxa5 Rxc1+ 26. Rxc1 Rc8 27. Rc5 h6 28. g4 g5 29. h4 gxh4 30. Nxh4 Kf7 31. Kh2 Ke8 32. f3 g5 33. Ng2 Rxc5 34. dxc5 d4 35. c6 Qd5 36. Qxa7 Qxb5 37. c7 Qc4 38. Qb8+ Kf7 39. Qd8 d3 40. Ne3 Qc3 41. Kg2 d2 42. Nd1 Qc1 43. Qd7 Qxd1 44. Qxe7+ Kxe7 45. c8=Q Qe2+ 46. Kg3 d1=Q 47. Qc7+ Qd7 0-1


[Site "https://www.chess.com"]

[Event "Titled Tuesday Blitz October 11 Early 2022"]
[White "Amgalantengis, Enkh-Amgalan"]
[Black "Martic, Ivan"]
[WhiteFideId "4903536"]
[BlackFideId "929301"]
[WhiteElo "1772"]
[BlackElo "2355"]
[Result "0-1"]
[Round "09"]
[TimeControl "180+1"]
[Date "2022.10.12"]
[WhiteClock "0:01:59"]
[BlackClock "0:02:07"]

1. d4 Nf6 2. c4 e6 3. g3 Bb4+ 4. Bd2 a5 5. Nf3 O-O 6. Bg2 d5 7. Qc1 b6 8. O-O Bb7 9. Ne5 Qc8 10. a3 Be7 11. Nc3 Nbd7 12. Nxd7 Qxd7 13. cxd5 exd5 14. Qc2 c5 15. dxc5 bxc5 16. Rfd1 d4 17. Qe4 Nxe4 0-1


[Site "https://www.chess.com"]

[Event "Titled Tuesday Blitz October 11 Early 2022"]
[White "Andreikin, Dmitry"]
[Black "Zhigalko, Sergei"]
[WhiteFideId "4158814"]
[BlackFideId "13502956"]
[WhiteElo "2736"]
[BlackElo "2662"]
[Result "0-1"]
[Round "09"]
[TimeControl "180+1"]
[Date "2022.10.11"]
[WhiteClock "0:00:03"]
[BlackClock "0:00:04"]

1. d4 Nf6 2. Bg5 e6 3. e4 h6 4. Bxf6 Qxf6 5. Nc3 Bb4 6. Nf3 O-O 7. Bd3 d6 8. O-O Bxc3 9. bxc3 e5 10. h3 Nc6 11. Bb5 Ne7 12. Nh2 Ng6 13. Ng4 Qg5 14. Bd3 h5 15. Ne3 Bxh3 16. Qf3 Be6 17. g3 Rae8 18. Nf5 Nf4 19. Kh2 Bxf5 20. exf5 Nxd3 21. cxd3 exd4 22. cxd4 b6 23. Rae1 c5 24. Re4 g6 25. Rfe1 Rxe4 26. dxe4 cxd4 27. Rd1 Qf6 28. Qd3 gxf5 29. exf5 Rc8 30. Kg2 Rc5 31. Qxd4 Rxf5 32. Qxf6 Rxf6 33. Rc1 Rf5 34. a4 Kg7 35. Rc4 Ra5 36. Kf3 Kg6 37. Ke3 f6 38. Rh4 Re5+ 39. Kd3 Rf5 40. Ke3 Rc5 41. Rd4 d5 42. Kd3 Kf5 43. Rh4 Kg5 44. Rd4 Kg6 45. Rh4 Rc1 46. Kd2 Ra1 47. Rd4 a5 48. Ke3 Ra3+ 49. Kd2 Rb3 50. Rxd5 Rb4 51. Rd6 Kf5 52. Rd5+ Kg6 53. Rd6 Kg5 54. f3 Kf5 55. Rd5+ Kg6 56. Rd6 Rb3 57. Ke2 Kf7 58. Rc6 Rb4 59. Kf2 h4 60. g4 Rb2+ 61. Kg1 h3 62. Kh1 Kg6 63. f4 Rb4 64. g5 Rxf4 65. Rxb6 Kxg5 66. Rb5+ Rf5 67. Rb6 Kg4 68. Rb8 Kg3 69. Rg8+ Rg5 70. Rf8 f5 71. Rb8 f4 72. Rb5 Rxb5 73. axb5 f3 74. Kg1 h2+ 75. Kh1 f2 76. b6 f1=Q# 0-1


[Site "https://www.chess.com"]